 Dungeon Crawl Stone Soup version 0.31-a0-532-g28f74ba3e5 (webtiles) character file.

Game seed: 16526183136188871244

22081 Jackthecabe the Zephyrmancer (level 12, -12/76 HPs)
             Began as a Tengu Air Elementalist on Aug 13, 2023.
             Was an Elder of Sif Muna.
             Mangled by a culicivora (22 damage)
             ... on level 1 of the Lair of Beasts.
             The game lasted 00:46:56 (21819 turns).

Jackthecabe the Zephyrmancer (TeAE)                Turns: 21819, Time: 00:46:56

Health: -12/76     AC: 11    Str:  9    XL:     12   Next: 96%
Magic:  7/20       EV: 17    Int: 28    God:    Sif Muna [****..]
Gold:   602        SH:  0    Dex: 18    Spells: 4/21 levels left

rFire   . . .        f - +7 flail "Dimeton" {speed, Int+2 Dex+3}
rCold   . . .        (no shield)
rNeg    . . .        F - +0 acid dragon scales
rPois   +            (helmet restricted)
rElec   .            h - +0 cloak
rCorr   +            E - +0 pair of gloves
SInv    .            (boots unavailable)
Will    .....        (no amulet)
Stlth   ++           P - ring of poison resistance
HPRegen 0.32/turn    I - +6 ring of intelligence
MPRegen 0.17/turn

%: no passive effects
@: flying quickly and evasively, quick
A: beak, talons 3, nimble flight
a: Renounce Religion, Channel Magic, Forget Spell, Divine Exegesis


You were on level 1 of the Lair of Beasts.
You worshipped Sif Muna.
Sif Muna was greatly pleased with you.
You visited 2 branches of the dungeon, and saw 13 of its levels.

You collected 765 gold pieces.
You spent 163 gold pieces at shops.


Innate Abilities, Weirdness & Mutations

You have a beak for a mouth.
You have claws for feet.
Your magical nature lets you fly swiftly and evasively.


   Skills:
 + Level 9.5 Fighting
 - Level 9.0 Armour
 - Level 6.1 Dodging
 - Level 2.0 Stealth
 - Level 5.0 Spellcasting
 - Level 4.0 Conjurations
 - Level 10.0 Air Magic
 - Level 10.0 Poison Magic
 - Level 8.0 Invocations
 - Level 4.0 Evocations


You had 4 spell levels left.
You knew the following spells:

 Your Spells              Type           Power      Damage    Failure   Level
a - Airstrike             Air            29%        2d(5-21)  1%          4
i - Swiftness             Air            58%        N/A       1%          3
o - Olgreb's Toxic Radia  Pois           58%        N/A       1%          4
t - Static Discharge      Conj/Air       92%        2-6/arc   1%          2
w - Stone Arrow           Conj/Erth      36%        3d9       13%         3
z - Shock                 Conj/Air       100%       1d9       1%          1

Your spell library contained the following spells:

 Spells                   Type           Power      Damage    Failure   Level
 Sting                    Tmut/Pois      100%       1d8       1%          1
 Sandblast                Erth           14%        2d6       10%         1
 Passwall                 Tmut/Erth      5%         N/A       16%         2
 Discord                  Hex            3%         N/A       100%        8
 Ignition                 Fire           3%         3d4       100%        8

Inventory:

Hand Weapons
 f - the +7 flail "Dimeton" (weapon) {speed, Int+2 Dex+3}
   (You found it on level 10 of the Dungeon)

   Int+2:     It affects your intelligence (+2).
   Dex+3:     It affects your dexterity (+3).
 A - a +1 shortbow of flaming
Missiles
 g - 5 throwing nets {=f}
 q - 28 poisoned darts
 y - 4 curare-tipped darts {=f}
Armour
 h - a +0 cloak (worn)
 v - a +0 robe of positive energy
 E - a +0 pair of gloves (worn)
 F - +0 acid dragon scales (worn)
Jewellery
 I - a +6 ring of intelligence (right hand)
 P - a ring of poison resistance (left hand)
 S - a +6 ring of strength
Wands
 p - a wand of roots (17)
 B - a wand of digging (6)
 C - a wand of quicksilver (13)
 H - a wand of flame (3)
Scrolls
 a - a scroll of teleportation {unknown}
 c - a scroll of fog
 e - 2 scrolls of immolation
 j - 2 scrolls of enchant armour
 m - 3 scrolls of revelation
 o - a scroll of enchant weapon
 r - a scroll of poison
 s - a scroll of silence {!r}
 u - a scroll of noise {unknown}
 w - a scroll of fear {unknown}
 x - 2 scrolls of blinking
 z - 3 scrolls of vulnerability
 L - a scroll of identify {@r1}
Potions
 b - 2 potions of magic
 d - a potion of invisibility
 i - 3 potions of heal wounds {@q2}
 k - 8 potions of curing {@q1}
 l - 2 potions of enlightenment
 n - 2 potions of attraction {unknown}
 t - 2 potions of mutation {unknown}
 D - a potion of haste {@q3}
 G - 2 potions of brilliance {unknown}
 J - a potion of ambrosia {unknown}
 K - a potion of might {unknown}

Dungeon Overview and Level Annotations

Branches:
Dungeon (11/15)            Temple (0/1) D:6            Lair (2/5) D:11
 Spider (0/4) Lair:2          Orc (0/2) D:11
  Swamp: Lair:2-3    Shoals: Lair:2-3

Altars:
Ashenzari
Gozag
Makhleb
Okawaru
Ru
Sif Muna
Uskayaw
Wu Jian
Xom
The Shining One

Shops:
D:5 (   D:7 [   D:8 [   D:10 [=

Annotations:
D:8 3 runed translucent doors, Ofeo's ghost, novice DsSh

~≈≈.~~~≈~.#.##...#...## ##......
~≈≈≈≈≈~≈~...##..###...# ##.......
~≈≈≈≈≈≈~~.......###.#####...###..
..~~≈~~~.......#.##..###..### ##.
..~~.~........#......##..## #.
..#####..[......>....#.#.## ##.
### #........#.........#.#####..
# #........###s#........#.#... #
#..........@.##.....†.†.†... ##
#.............####....8....#
.#####.............# ##........##
....##.............# #.#.8...8..#
...................#####........#
..~..≈~.........#...###....8...^.
..~..~.~.......##..##............
~~.♣~~.~......###..##...#..##.#..
....~~♣......###...##...#.####.#.


You could see a culicivora.


Message History

The culicivora is struck by an arc of lightning.
The culicivora is moderately wounded.
The lightning grounds out.
The culicivora closely misses you.
Casting: Static Discharge (safe; 1% risk of failure)
Confirm with . or Enter, or press ? or * to list all spells.
Aiming: Airstrike (dangerous; 1% risk of failure)
Press: ? - help, Dir - move target, f - culicivora
Aim: a culicivora (moderately wounded, empty space bonus: 5/8)
The air twists around and strikes the culicivora!
The culicivora is heavily wounded.
The culicivora bites you!
The culicivora draws strength from your injuries!
The culicivora bites you but does no damage.
Casting: Airstrike (dangerous; 1% risk of failure)
Confirm with . or Enter, or press ? or * to list all spells.
Aiming: Airstrike (dangerous; 1% risk of failure)
Press: ? - help, Dir - move target, f/p - culicivora
Aim: a culicivora (heavily wounded, empty space bonus: 5/8)
The air twists around and strikes the culicivora!
The culicivora is severely wounded.
The culicivora bites you!
* * * LOW HITPOINT WARNING * * *
The culicivora draws strength from your injuries!
The culicivora barely misses you.
The culicivora attacks as you move away!
The culicivora bites you!!
* * * LOW HITPOINT WARNING * * *
The culicivora draws strength from your injuries!
The culicivora bites you!!
You die...

Skill      XL: |  1  2  3  4  5  6  7  8  9 10 11 12 |
---------------+-------------------------------------+-----
Air Magic      | 5 6 8 9 10 | 10.0
Conjurations   | 2 3 4 |  4.0
Spellcasting   | 3 4 5 |  5.0
Fighting       | 2 4 6 9 |  9.5
Evocations     | 2 4 |  4.0
Dodging        | 3 6 |  6.1
Invocations    | 4 6 7 8 |  8.0
Poison Magic   | 7 8 10 | 10.0
Armour         | 6 9 |  9.0
Stealth        | |  2.0

Action                     |  1- 3 |  4- 6 |  7- 9 | 10-12 || total
---------------------------+-------+-------+-------+-------++-------
  Melee: Battleaxe         |       |       |     3 |     2 ||     5
         Kick              |       |       |     1 |     2 ||     3
         Peck              |       |       |     1 |       ||     1
         Flail             |       |       |       |     2 ||     2
  Throw: Dart              |       |       |       |     8 ||     8
   Cast: Shock             |    97 |   124 |   155 |   184 ||   560
         Static Discharge  |       |     4 |    30 |    25 ||    59
         Swiftness         |       |     1 |     1 |     1 ||     3
         Airstrike         |       |       |    42 |   136 ||   178
         Olgreb's Toxic Ra |       |       |       |    43 ||    43
  Evoke: Wand              |       |       |     1 |     2 ||     3
    Use: Scroll            |       |     5 |     3 |     8 ||    16
 Armour: Robe              |     1 |       |     7 |     5 ||    13
         Acid dragon scale |       |       |       |    23 ||    23
  Dodge: Dodged            |    10 |     2 |    47 |    97 ||   156

Levels and vault maps discovered:
D:1:      psy_arrival_terrarium, layout_rooms, serial_park_tiny_2
D:2:      layout_basic, basic_altar, grunt_ministairs_10,
          pf_guarded_unrand_woodcutter
D:3:      layout_rooms, mainiacjoe_overflow_chevrons,
          shapermc_ecumenical_altar_rom_forum
D:4:      layout_basic
D:5:      layout_rooms, serial_shops, nicolae_shop_bloodbath_and_beyond,
          serial_aquarium, aquarium_bridge_straight [aquarium_subvault_bridge,
          aquarium_subvault_wall, aquarium_subvault_bridge,
          aquarium_subvault_window], aquarium_window_corridor_1,
          aquarium_window_2, aquarium_window_1, aquarium_view_2a,
          aquarium_view_4, aquarium_balcony_3a, cheibrodos_gnoll_hut
D:6:      layout_basic, grunt_temple_overflow_open, minmay_temple_entry_tees,
          uniq_grinder
D:7:      layout_loops_cross, lemuel_round_altar,
          mainiacjoe_overflow_tiny_flanked, serial_shops, shop
D:8:      layout_cave_pods, hangedman_ru_absence, gammafunk_ghost_necromancy,
          serial_shops, shop_fountains
D:9:      layout_cave_pods, skrybe_limestone_x, amethyst_killhole
D:10:     layout_roguey, kennysheep_mini_moat, tso_oasis_becter, serial_shops,
          nicolae_shop_scrapyard, nicolae_shop_pleasant_corner_grove
D:11:     layout_loops_corners, dpeg_oklobed_lair, orc_0_dummy,
          chequers_arboretum
Lair:1:   layout_layer_cave, chequers_serial_rivers_marsh, grunt_megastairs_4,
          infiniplex_staircase_pool_2, serial_bayou_shore_a, uniq_harold,
          uniq_grum
Lair:2:   layout_chaotic_city, minmay_shoals_entry_centaurs,
          spider_nest_entry_funnel_web, basic_altar, uniq_nergalle

Notes
Turn   | Place    | Note
-------+----------+-------------------------------------------
     0 | D:1      | Jackthecabe the Tengu Air Elementalist began the quest for
                  | the Orb.
     0 | D:1      | Reached XP level 1. HP: 10/10 MP: 4/4
   226 | D:1      | Reached XP level 2. HP: 15/15 MP: 1/6
   426 | D:1      | Learned a level 2 spell: Static Discharge
   590 | D:1      | Reached skill level 5 in Air Magic
   925 | D:1      | Reached XP level 3. HP: 19/19 MP: 5/7
  1325 | D:2      | Found an opulent altar of Gozag.
  1359 | D:2      | Noticed a scorpion
  1439 | D:2      | Learned a level 3 spell: Swiftness
  1645 | D:2      | Reached skill level 6 in Air Magic
  1645 | D:2      | Reached XP level 4. HP: 24/24 MP: 2/8
  1666 | D:2      | Reached skill level 2 in Conjurations
  1802 | D:2      | Noticed a gnoll sergeant
  1802 | D:2      | Found the +5 woodcutter's axe
  2481 | D:2      | Killed a scorpion
  2482 | D:2      | Gained mutation: Your magical nature lets you fly swiftly
                  | and evasively. [Tengu growth]
  2482 | D:2      | Reached XP level 5. HP: 27/28 MP: 2/10
  2676 | D:2      | Reached skill level 3 in Spellcasting
  2676 | D:2      | Reached skill level 3 in Conjurations
  2951 | D:3      | Found a shimmering altar of Xom.
  2967 | D:3      | Reached XP level 6. HP: 32/32 MP: 9/12
  3049 | D:3      | Found a faded altar of an unknown god.
  3053 | D:3      | Got Plato's Incunabulum of Impurities
  3059 | D:3      | Learned a level 4 spell: Airstrike
  3176 | D:3      | Reached skill level 7 in Air Magic
  3905 | D:4      | You are sucked into a shaft and drop 2 floors!
  3920 | D:6      | Reached skill level 8 in Air Magic
  4009 | D:6      | Noticed an ice beast
  4051 | D:6      | Reached skill level 1 in Fighting
  4190 | D:5      | Entered Level 5 of the Dungeon
  4190 | D:5      | Noticed a black bear
  4418 | D:6      | Found an iron altar of Okawaru.
  4435 | D:6      | Found an ornate altar of the Wu Jian Council.
  4439 | D:6      | Found a shimmering blue altar of Sif Muna.
  4447 | D:6      | Became a worshipper of Sif Muna the Loreminder
  4465 | D:5      | Reached skill level 2 in Fighting
  4465 | D:5      | Reached XP level 7. HP: 40/40 MP: 7/13
  4556 | D:5      | Reached skill level 3 in Fighting
  4833 | D:5      | Reached skill level 4 in Fighting
  5287 | D:4      | Reached skill level 1 in Evocations
  5926 | D:5      | Reached skill level 2 in Evocations
  6064 | D:5      | Reached skill level 4 in Conjurations
  6064 | D:5      | Reached skill level 3 in Dodging
  6064 | D:5      | Reached XP level 8. HP: 45/48 MP: 7/14
  6113 | D:5      | Found Ulehoz's Weapon Boutique.
  6123 | D:5      | Reached skill level 4 in Dodging
  6192 | D:5      | Bought 5 curare-tipped darts for 78 gold pieces
  6342 | D:5      | Reached * piety under Sif Muna
  6343 | D:5      | Reached skill level 5 in Dodging
  6725 | D:6      | Found a staircase to the Ecumenical Temple.
  6726 | D:6      | Noticed Grinder
  6969 | D:6      | Reached skill level 6 in Dodging
  7051 | D:6      | Paralysed by Grinder for 2 turns
  7053 | D:6      | Killed Grinder
  7054 | D:6      | Reached skill level 2 in Invocations
  7222 | D:7      | Found Wedodapi's Antique Armour Shoppe.
  7237 | D:7      | Found a broken altar of Ashenzari.
  7281 | D:7      | Reached skill level 3 in Invocations
  7575 | D:7      | Reached skill level 4 in Invocations
  7575 | D:7      | Reached XP level 9. HP: 32/52 MP: 6/15
  7674 | D:7      | Learned a level 4 spell: Olgreb's Toxic Radiance
  7722 | D:7      | Reached skill level 1 in Poison Magic
  7889 | D:7      | Reached skill level 5 in Invocations
  8044 | D:7      | Reached skill level 2 in Poison Magic
  8648 | D:7      | Found a burning altar of Makhleb.
  8804 | D:8      | Reached skill level 3 in Poison Magic
  9232 | D:7      | Reached skill level 4 in Poison Magic
  9232 | D:7      | Reached skill level 6 in Invocations
  9495 | D:8      | Found a runed translucent gate.
  9496 | D:8      | Found a runed translucent gate.
  9497 | D:8      | Found a runed translucent gate.
  9499 | D:8      | Noticed Ofeo's ghost (novice DsSh)
  9501 | D:8      | Noticed a spectral unseen horror
  9569 | D:8      | Found Montorph's Antique Armour Shoppe.
  9575 | D:8      | Bought a pair of gloves for 85 gold pieces
  9720 | D:8      | Reached skill level 5 in Poison Magic
  9973 | D:8      | Found a sacrificial altar of Ru.
 10137 | D:8      | Reached ** piety under Sif Muna
 10138 | D:8      | Reached skill level 6 in Poison Magic
 10345 | D:8      | Noticed a two-headed ogre
 10485 | D:8      | Killed a two-headed ogre
 10486 | D:8      | Reached skill level 4 in Spellcasting
 10486 | D:8      | Reached skill level 7 in Poison Magic
 10486 | D:8      | Reached XP level 10. HP: 56/56 MP: 2/17
 10981 | D:8      | Reached skill level 8 in Poison Magic
 11084 | D:8      | Noticed a two-headed ogre
 11130 | D:8      | Killed a two-headed ogre
 11131 | D:8      | Reached skill level 4 in Evocations
 11908 | D:9      | Noticed a two-headed ogre
 12100 | D:9      | Killed a two-headed ogre
 12101 | D:9      | Reached skill level 5 in Spellcasting
 12101 | D:9      | Reached skill level 5 in Fighting
 12698 | D:9      | Reached skill level 6 in Fighting
 13517 | D:9      | Reached skill level 9 in Air Magic
 13646 | D:10     | Entered Level 10 of the Dungeon
 13721 | D:10     | Killed an unseen horror
 13722 | D:10     | Reached XP level 11. HP: 56/64 MP: 7/19
 13801 | D:10     | Identified the +7 flail "Dimeton" {speed, Int+2 Dex+3}
 13832 | D:10     | Reached skill level 10 in Air Magic
 14178 | D:10     | Reached *** piety under Sif Muna
 14335 | D:10     | Found Naugecag's Jewellery Emporium.
 14370 | D:10     | Reached skill level 9 in Poison Magic
 14524 | D:10     | Found Qusumm's Armour Emporium.
 14842 | D:10     | Found a hide-covered altar of Uskayaw.
 15109 | D:10     | Found a glowing golden altar of the Shining One.
 15219 | D:11     | Reached skill level 10 in Poison Magic
 15307 | D:11     | Reached skill level 1 in Armour
 15311 | D:11     | Reached skill level 2 in Armour
 15468 | D:11     | Reached skill level 3 in Armour
 15614 | D:11     | Noticed an oklob plant
 15616 | D:11     | Found a staircase to the Lair.
 15621 | D:11     | Noticed a boulder beetle
 15932 | D:11     | Noticed a cyclops
 15941 | D:11     | Killed a cyclops
 15942 | D:11     | Reached skill level 4 in Armour
 16229 | D:11     | Noticed a boulder beetle
 16467 | D:11     | Killed a boulder beetle
 16468 | D:11     | Reached skill level 5 in Armour
 16829 | D:11     | Found a staircase to the Orcish Mines.
 16851 | D:11     | Reached skill level 6 in Armour
 17444 | D:11     | Noticed an oklob plant
 17765 | D:11     | Killed an oklob plant
 18187 | D:11     | Killed an oklob plant
 18188 | D:11     | Reached skill level 7 in Invocations
 18277 | D:11     | Killed a boulder beetle
 18278 | D:11     | Reached XP level 12. HP: 49/70 MP: 1/20
 18535 | Lair:1   | Entered Level 1 of the Lair of Beasts
 18656 | Lair:1   | Reached skill level 8 in Invocations
 18776 | Lair:1   | Noticed a catoblepas
 18872 | Lair:1   | Killed a catoblepas
 18873 | Lair:1   | Reached skill level 7 in Fighting
 19483 | Lair:1   | Noticed Harold
 19506 | Lair:1   | Killed Harold
 19507 | Lair:1   | Reached skill level 8 in Fighting
 19539 | Lair:1   | Noticed Grum
 19560 | Lair:1   | Reached skill level 7 in Armour
 19570 | Lair:1   | Killed Grum
 19790 | Lair:1   | Reached **** piety under Sif Muna
 20121 | Lair:1   | Reached skill level 8 in Armour
 20634 | Lair:1   | Noticed a catoblepas
 20794 | Lair:1   | Killed a catoblepas
 20795 | Lair:1   | Reached skill level 9 in Armour
 20944 | Lair:1   | Learned a level 3 spell: Stone Arrow
 21253 | Lair:2   | Noticed an eight-headed hydra
 21299 | Lair:1   | Killed an eight-headed hydra
 21442 | Lair:2   | Found an iron altar of Okawaru.
 21452 | Lair:2   | Noticed Nergalle
 21466 | Lair:2   | Reached skill level 9 in Fighting
 21511 | Lair:2   | Killed Nergalle
 21804 | Lair:2   | Found a hole to the Spider Nest.
 21819 | Lair:1   | Mangled by a culicivora

Vanquished Creatures
  Harold (Lair:1)
  A hydra (Lair:1)
  2 catoblepae (Lair:1)
  2 boulder beetles (D:11)
  3 two-headed ogres
  Nergalle (Lair:2)
  A cyclops (D:11)
  2 oklob plants (D:11)
  A black mamba (Lair:1)
  3 cane toads
  2 unseen horrors (D:10)
  A rime drake (Lair:1)
  4 komodo dragons (Lair:1)
  2 trolls
  5 blink frogs (Lair:1)
  Grinder (D:6)
  3 wyverns
  29 yaks
  A wraith (D:11)
  A basilisk (Lair:1)
  2 vampire mosquitoes (D:11)
  Grum (Lair:1)
  6 acid dragons
  2 water moccasins
  3 black bears
  2 ice beasts
  3 sky beasts
  2 orc warriors (D:9)
  4 wolves (Lair:1)
  8 centaurs
  2 kobold brigands
  5 bullfrogs
  A gnoll sergeant (D:2)
  4 scorpions
  8 wights
  6 killer bees (D:10)
  4 howler monkeys (D:11)
  4 hounds
  3 jellies
  A gnoll bouda (D:5)
  4 orc priests
  4 iguanas
  8 orc wizards
  10 adders
  12 gnolls
  A white imp (D:5)
  2 ufetubi
  3 worms
  36 orcs
  3 endoplasms
  4 giant cockroaches
  4 goblins
  11 hobgoblins
  A quokka (D:1)
  7 ball pythons
  5 bats (D:1)
  3 frilled lizards
  18 kobolds
  12 rats
285 creatures vanquished.

Table legend: (Time is in decaauts)
 A = Elapsed time spent in this place.
 B = Non-inter-level travel time spent in this place.
 C = Inter-level travel time spent in this place.
 D = Time resting spent in this place.
 E = Time spent auto-exploring this place.
 F = Levels seen in this place.
 G = Mean time per level.
                   A        B        C        D        E       F      G
               +--------+--------+--------+--------+--------+-----+--------+
         Total |  20883 |  20012 |    871 |   4805 |  12004 |  13 | 1606.4 |
       Dungeon |  17987 |  17155 |    832 |   3842 |  10604 |  11 | 1635.2 |
          Lair |   2895 |   2857 |     38 |    963 |   1400 |   2 | 1447.5 |
               +--------+--------+--------+--------+--------+-----+--------+

Top non-repeatable levels by time:
    D:11: 3480 daAuts
     D:8: 2562 daAuts
  Lair:1: 2523 daAuts
     D:9: 1921 daAuts
     D:7: 1693 daAuts
     D:1: 1415 daAuts
     D:6: 1360 daAuts
     D:2: 1304 daAuts
     D:5: 1290 daAuts
     D:4: 1135 daAuts
    D:10: 1078 daAuts
     D:3: 745 daAuts
  Lair:2: 371 daAuts

Table legend:
 A = Non-vault XP
 B = Vault XP
 C = Vault XP percentage of total XP
 D = Non-vault monster count
 E = Vault monster count
 F = Vault count percentage of total count
                 A         B        C        D         E       F
            +---------+---------+-------+---------+---------+-------
      Total |   25792 |    5753 |  18.2 |     261 |      24 |   8.4
            +---------+---------+-------+---------+---------+-------
        D:1 |      47 |       0 |   0.0 |      30 |       0 |   0.0
        D:2 |      92 |     140 |  60.3 |       8 |       7 |  46.7
        D:3 |      83 |       0 |   0.0 |      20 |       0 |   0.0
        D:4 |     166 |       0 |   0.0 |      22 |       0 |   0.0
        D:5 |     911 |     100 |   9.9 |      24 |       3 |  11.1
        D:6 |     331 |     277 |  45.6 |       6 |       1 |  14.3
        D:7 |    1341 |       0 |   0.0 |      14 |       0 |   0.0
        D:8 |    3322 |       0 |   0.0 |      26 |       0 |   0.0
        D:9 |    2742 |       0 |   0.0 |      32 |       0 |   0.0
       D:10 |    3163 |       0 |   0.0 |      23 |       0 |   0.0
       D:11 |    5250 |    1107 |  17.4 |      28 |       2 |   6.7
     Lair:1 |    7516 |    3354 |  30.9 |      26 |      10 |  27.8
     Lair:2 |     828 |     775 |  48.3 |       2 |       1 |  33.3
            +---------+---------+-------+---------+---------+-------
